[Event "Titled Tuesday Blitz July 25 Late 2023"]
[White "Djordjevic, Dejan N"]
[Black "Senthilkumar, Pranav"]
[WhiteFideId "913316"]
[BlackFideId "2083477"]
[WhiteElo "2066"]
[BlackElo "2518"]
[Result "1-0"]
[Round "1"]
[TimeControl "180+2"]
[Date "2023.07.25"]
[WhiteClock "0:00:11"]
[BlackClock "0:00:04"]
[Board "191"]

1. e4 c5 2. Nc3 e6 3. g3 Nc6 4. Bg2 d6 5. Nge2 Nf6 6. O-O Be7 7. h3 O-O 8. d3 Rb8 9. Be3 b5 10. Qd2 b4 11. Nd1 Bb7 12. f4 Nd7 13. g4 f5 14. gxf5 exf5 15. Ng3 fxe4 16. dxe4 Nb6 17. b3 Bf6 18. Rc1 Nd4 19. c4 Na8 20. Nf2 Nc7 21. Ng4 Bh4 22. Ne2 Nxe2+ 23. Qxe2 Ne6 24. Rcd1 Qe7 25. Qd2 h5 26. Nf2 Rbd8 27. Nd3 Bf6 28. Qe2 Bd4 29. Bxd4 Nxd4 30. Qxh5 Rde8 31. Rde1 Rf6 32. Kh2 Rh6 33. Qg5 Qf7 34. e5 Rg6 35. Bxb7 Rxg5 36. Bd5 Ne6 37. fxg5 Qe7 38. Nf4 Qxg5 39. Nxe6 Qd2+ 40. Kh1 Kh7 41. exd6 Qd3 42. Rf3 Qd2 43. Rg1 Rxe6 44. Bxe6 Qxd6 45. Bd5 Qh6 46. Be4+ Kg8 47. Bd5+ Kh7 48. Rgg3 Qc1+ 49. Kh2 Qb2+ 50. Rg2 Qd4 51. Kh1 Qf4 52. Rxf4 1-0


[Site "https://www.chess.com"]

[Event "Titled Tuesday Blitz July 25 Late 2023"]
[White "Kochiev, Ivan"]
[Black "Bongo Akanga Ndjila, Barthelemy"]
[WhiteFideId "2917890"]
[BlackFideId "10609431"]
[WhiteElo "2517"]
[BlackElo "2059"]
[Result "1-0"]
[Round "1"]
[TimeControl "180+2"]
[Date "2023.07.25"]
[WhiteClock "0:00:09"]
[BlackClock "0:00:04"]
[Board "192"]

1. e4 e6 2. d4 d5 3. Nd2 Nf6 4. e5 Nfd7 5. Bd3 c5 6. c3 Nc6 7. Ne2 cxd4 8. cxd4 Qb6 9. Nf3 Bb4+ 10. Bd2 Bxd2+ 11. Qxd2 Qb4 12. Rc1 O-O 13. a3 Qxd2+ 14. Kxd2 Na5 15. Rc3 Nb6 16. b3 Bd7 17. Rhc1 Rfc8 18. a4 Rxc3 19. Rxc3 Rc8 20. Bc2 Rxc3 21. Nxc3 a6 22. Ne1 h6 23. Nd3 Bc8 24. Nc5 Kf8 25. Ne2 Ke7 26. Nc1 Nd7 27. N1d3 Nxc5 28. Nxc5 b6 29. Nd3 Kd7 30. Kc3 Nc6 31. b4 Ke7 32. f4 f6 33. g3 g5 34. exf6+ Kxf6 35. Ne5 Ne7 36. a5 bxa5 37. bxa5 gxf4 38. gxf4 Nf5 39. Bd3 Nh4 40. Kb4 Ng2 41. Bf1 Nxf4 42. Kc5 Ng6 43. Nc6 e5 44. Kxd5 exd4 45. Kxd4 Nf4 46. Kc5 Ne6+ 47. Kb6 Kf5 48. Bxa6 Bd7 49. Bb5 Bc8 50. Ne7+ Kg4 51. Nxc8 Nd4 52. a6 Kh3 53. a7 Kxh2 54. a8=Q h5 55. Qe4 h4 56. Qxd4 h3 57. Qe5+ Kg1 58. Bc6 h2 59. Qg3+ Kf1 60. Qxh2 Ke1 61. Bf3 Kf1 62. Qe2+ Kg1 63. Qg2# 1-0


[Site "https://www.chess.com"]

[Event "Titled Tuesday Blitz July 25 Late 2023"]
[White "Gyulamiryan-koryun"]
[Black "Deng, Henry"]
[BlackFideId "30965454"]
[WhiteElo "2056"]
[BlackElo "2516"]
[Result "0-1"]
[Round "1"]
[TimeControl "180+2"]
[Date "2023.07.25"]
[WhiteClock "0:00:18"]
[BlackClock "0:00:25"]
[Board "193"]

1. e4 c5 2. Be2 Nc6 3. f4 e6 4. c3 d5 5. e5 Nh6 6. Nf3 Be7 7. O-O O-O 8. d3 b5 9. a3 Qb6 10. Kh1 Ba6 11. b4 d4 12. bxc5 Bxc5 13. cxd4 Nxd4 14. Nxd4 Bxd4 15. Ra2 Bb7 16. Bf3 Nf5 17. Bxb7 Qxb7 18. Qf3 Qe7 19. Bb2 Rfd8 20. g4 Bxb2 21. gxf5 Bd4 22. fxe6 Qxe6 23. Rg2 Qd5 24. Nd2 Qxf3 25. Rxf3 Rac8 26. h3 f5 27. exf6 Bxf6 28. Ne4 Bd4 29. f5 Rc1+ 30. Kh2 Be5+ 31. Rgg3 Bxg3+ 32. Rxg3 Rc2+ 33. Kg1 h6 34. f6 g5 35. h4 Kf7 36. hxg5 hxg5 37. Nxg5+ Kxf6 38. Ne4+ Ke5 39. Nf2 Rf8 40. Re3+ Kd4 41. Re4+ Kd5 42. Ng4 Rd2 43. Ne3+ Kd6 44. d4 Rg8+ 45. Kf1 Rf8+ 46. Ke1 Rh2 47. Rg4 Re8 48. Rg3 Ra2 49. Kd1 Kc7 50. d5 Rxa3 51. d6+ Kd8 52. Kd2 Raxe3 53. Rxe3 Rxe3 54. Kxe3 Kd7 55. Kd4 Kxd6 56. Kc3 Kc5 57. Kb3 a5 58. Ka3 Kc4 59. Kb2 Kb4 60. Ka2 Kc3 61. Ka3 b4+ 62. Ka2 Kc2 63. Ka1 Kb3 64. Kb1 Ka3 65. Ka1 b3 66. Kb1 b2 67. Kc2 Ka2 68. Kc3 b1=Q 69. Kc4 Qb4+ 0-1


[Site "https://www.chess.com"]

[Event "Titled Tuesday Blitz July 25 Late 2023"]
[White "Rizzo, Tobias"]
[Black "Winkels, Marcel"]
[WhiteFideId "30942691"]
[BlackFideId "1003887"]
[WhiteElo "2516"]
[BlackElo "2052"]
[Result "1-0"]
[Round "1"]
[TimeControl "180+2"]
[Date "2023.07.25"]
[WhiteClock "0:01:32"]
[BlackClock "0:01:21"]
[Board "194"]

1. d4 Nf6 2. Bg5 c5 3. d5 Qb6 4. Nc3 d6 5. e4 g6 6. Bxf6 exf6 7. Qd2 Bg7 8. Nf3 O-O 9. Be2 f5 10. Na4 Qb5 11. Bxb5 fxe4 12. Ng5 a6 13. Nb6 Ra7 14. Bc4 Bf5 15. h4 h5 16. O-O-O Nd7 17. Qa5 Ne5 18. Rhe1 Re8 19. Nxe4 Nxc4 20. Nf6+ Bxf6 21. Rxe8+ Kg7 22. Nxc4 b5 23. Nxd6 Bg4 24. f3 Bd7 25. Qb6 Bxe8 26. Nxe8+ Kf8 27. Qxa7 Kxe8 28. Qxc5 Kd7 29. Re1 Bxh4 30. Qc6+ 1-0


[Site "https://www.chess.com"]

[Event "Titled Tuesday Blitz July 25 Late 2023"]
[White "ilya2700"]
[Black "Terletsky, Oleg"]
[BlackFideId "14116774"]
[WhiteElo "2043"]
[BlackElo "2515"]
[Result "0-1"]
[Round "1"]
[TimeControl "180+2"]
[Date "2023.07.25"]
[WhiteClock "0:00:04"]
[BlackClock "0:00:23"]
[Board "195"]

1. e4 e5 2. Nf3 Nc6 3. Bc4 Nf6 4. d3 h6 5. Nc3 d6 6. Be3 Na5 7. Bb3 Nxb3 8. axb3 c5 9. h3 Be7 10. Qd2 b6 11. g4 a5 12. g5 hxg5 13. Nxg5 Nh5 14. Nd5 Bxg5 15. Bxg5 f6 16. Be3 Be6 17. Nc3 g5 18. Qe2 Qd7 19. Kd2 b5 20. h4 g4 21. Ra2 b4 22. Nd5 Bxd5 23. exd5 f5 24. Bg5 O-O 25. Rha1 Qb7 26. Rxa5 Qxd5 27. Qe3 f4 28. Rxa8 fxe3+ 0-1


[Site "https://www.chess.com"]

[Event "Titled Tuesday Blitz July 25 Late 2023"]
[White "Van Foreest, Machteld"]
[Black "Blackwhite017"]
[WhiteFideId "1051563"]
[WhiteElo "2514"]
[BlackElo "2035"]
[Result "1-0"]
[Round "1"]
[TimeControl "180+2"]
[Date "2023.07.25"]
[WhiteClock "0:00:57"]
[BlackClock "0:00:35"]
[Board "196"]

1. e4 c5 2. Nf3 d6 3. d4 cxd4 4. Nxd4 Nf6 5. Nc3 g6 6. Be3 Bg7 7. Be2 O-O 8. O-O d5 9. e5 Ne8 10. f4 f6 11. e6 f5 12. Bf3 Nc7 13. Re1 Nc6 14. Qd2 Rf6 15. Rad1 Nxd4 16. Bxd4 Rxe6 17. Bxg7 Kxg7 18. Nxd5 Rxe1+ 19. Qxe1 Nxd5 20. Qe5+ Kh6 21. Bxd5 Qd6 22. Qh8 Rb8 23. Qf8+ Kh5 24. Bf3+ Kh4 25. Qh6# 1-0


[Site "https://www.chess.com"]

[Event "Titled Tuesday Blitz July 25 Late 2023"]
[White "Omranalhosani21"]
[Black "Osiecki, Stanislaw"]
[BlackFideId "1102990"]
[WhiteElo "2514"]
[BlackElo "2033"]
[Result "1-0"]
[Round "1"]
[TimeControl "180+2"]
[Date "2023.07.25"]
[WhiteClock "0:01:30"]
[BlackClock "0:01:29"]
[Board "198"]

1. e4 e6 2. d4 d5 3. Nc3 Bb4 4. e5 c5 5. a3 Bxc3+ 6. bxc3 Qc7 7. Ne2 Ne7 8. g4 O-O 9. Bg2 cxd4 10. cxd4 b6 11. O-O Ba6 12. Re1 Nbc6 13. Ng3 Rac8 14. Nh5 Nd8 15. Bh6 gxh6 16. Qd2 Qxc2 17. Qxh6 Qg6 18. Nf6+ Kh8 19. Qxf8+ Ng8 20. Rac1 Nc6 21. Qd6 Nxd4 22. Rxc8 Bxc8 23. Qb8 Ba6 24. Qxa7 Ne2+ 25. Kh1 Bc4 26. Qxb6 Nxf6 27. exf6 Qxf6 28. a4 d4 29. Qc5 Qxf2 30. Qf8# 1-0


[Site "https://www.chess.com"]

[Event "Titled Tuesday Blitz July 25 Late 2023"]
[White "Graham, Nathaniel"]
[Black "To, Nhat Minh"]
[WhiteFideId "2007983"]
[BlackFideId "729019"]
[WhiteElo "2012"]
[BlackElo "2511"]
[Result "0-1"]
[Round "1"]
[TimeControl "180+2"]
[Date "2023.07.25"]
[WhiteClock "0:00:00"]
[BlackClock "0:00:43"]
[Board "199"]

1. e4 c5 2. Nf3 d6 3. d4 cxd4 4. Qxd4 Nf6 5. Nc3 Nc6 6. Bb5 Bd7 7. Bxc6 Bxc6 8. Bg5 e6 9. O-O-O Be7 10. Rhe1 O-O 11. Kb1 Qa5 12. Qd2 Rfd8 13. Nd5 Qxd2 14. Nxe7+ Kf8 15. Rxd2 Kxe7 16. Nd4 h6 17. Bxf6+ gxf6 18. c4 a6 19. f3 Bd7 20. b3 b5 21. cxb5 axb5 22. Nc2 Bc6 23. Nb4 Bb7 24. Rc1 Rac8 25. Rdc2 Rxc2 26. Rxc2 Kd7 27. Kb2 h5 28. Kc3 h4 29. Kd4 Rg8 30. Ke3 Rg5 31. h3 f5 32. exf5 Rxf5 33. Rd2 Rc5 34. Nd3 Rf5 35. Rc2 Rg5 36. Rd2 Kc7 37. Rc2+ Kb6 38. Nb4 d5 39. Nd3 e5 40. Nc5 d4+ 41. Kf2 Bc6 42. b4 Rg8 43. Re2 f6 44. Rc2 Rd8 45. Ne6 Rd6 46. Nc5 Bd5 47. Rd2 Bc4 48. f4 Kc6 49. Ne4 Re6 50. f5 Re7 51. Nxf6 Rf7 0-1


[Site "https://www.chess.com"]

[Event "Titled Tuesday Blitz July 25 Late 2023"]
[White "Gasparyan, David"]
[Black "zano2023"]
[WhiteFideId "13311980"]
[WhiteElo "2509"]
[BlackElo "2002"]
[Result "1-0"]
[Round "1"]
[TimeControl "180+2"]
[Date "2023.07.25"]
[WhiteClock "0:00:17"]
[BlackClock "0:00:11"]
[Board "200"]

1. Nf3 d6 2. g3 e5 3. Bg2 Nf6 4. d3 Be7 5. O-O O-O 6. Nc3 c6 7. e4 Nbd7 8. h3 Re8 9. a4 Nf8 10. Be3 Ng6 11. a5 h6 12. d4 Bd7 13. Re1 Qc8 14. dxe5 dxe5 15. Kh2 Rd8 16. Qe2 Be6 17. Red1 Qc7 18. Nd2 Bb4 19. a6 b6 20. Ra4 Qe7 21. Ndb1 Rxd1 22. Nxd1 Bc5 23. Bxc5 Qxc5 24. Nbc3 b5 25. Ra1 Rd8 26. Qe3 Nd7 27. Qf3 Nb6 28. Ne3 Ne7 29. Nf5 Nxf5 30. exf5 Bd5 31. Nxd5 cxd5 32. f6 g6 33. c3 e4 34. Qf4 Kh7 35. Rd1 Nc4 36. Bxe4 Nxb2 37. Rd4 Nc4 38. h4 Qd6 39. Qxd6 Rxd6 40. Rxd5 Rxf6 41. Rxb5 Rxa6 42. Rb7 Nd6 43. Re7 Nxe4 44. Rxe4 Ra3 45. Re7 Kg7 46. Rc7 a5 47. c4 Ra2 48. Kg2 a4 49. Ra7 a3 50. Kf3 Rc2 51. Rxa3 Rxc4 52. Re3 Ra4 53. Kg2 h5 54. Rd3 Rb4 55. Rc3 Ra4 56. Rf3 Rb4 57. Re3 Ra4 58. Re5 Rb4 59. Kf3 Ra4 60. Re3 Rb4 61. Rd3 Ra4 62. Ke3 Rb4 63. Rc3 Ra4 64. Rd3 Rb4 65. Kf3 Ra4 66. Re3 Rb4 67. Re4 Rxe4 68. Kxe4 Kf6 69. Kf4 Kg7 70. Ke5 f6+ 71. Ke6 g5 72. f3 gxh4 73. gxh4 Kg6 74. f4 Kg7 75. f5 Kf8 76. Kxf6 Kg8 77. Ke7 1-0


[Site "https://www.chess.com"]

[Event "Titled Tuesday Blitz July 25 Late 2023"]
[White "Navyblue1"]
[Black "D`Arruda, Ricardo D."]
[BlackFideId "100692"]
[WhiteElo "1950"]
[BlackElo "2509"]
[Result "0-1"]
[Round "1"]
[TimeControl "180+2"]
[Date "2023.07.25"]
[WhiteClock "0:00:00"]
[BlackClock "0:00:49"]
[Board "201"]

1. d4 Nf6 2. c4 e5 3. dxe5 Ne4 4. Qd4 Bb4+ 5. Nd2 Nxd2 6. Bxd2 Nc6 7. Qe3 Bxd2+ 8. Qxd2 O-O 9. Nf3 Qe7 10. Qc3 Re8 11. e3 Nxe5 12. Nxe5 Qxe5 13. Qxe5 Rxe5 14. Be2 d6 15. Rd1 Be6 16. Rd4 a5 17. O-O Kf8 18. b3 Ke7 19. Rfd1 a4 20. Bf3 Ra7 21. h3 Bf5 22. R1d2 Be6 23. Kh2 Rea5 24. Rh4 axb3 25. axb3 h6 26. Rhd4 Ra3 27. Rb2 c6 28. b4 Rc3 29. Be2 Raa3 30. b5 c5 31. Re4 Rcb3 32. Rxb3 Rxb3 33. g4 Rb2 34. Bd3 Rxf2+ 35. Kg3 Rd2 36. Bf1 b6 37. Bg2 Kd7 38. Rf4 f6 39. h4 Rc2 40. Bf1 Rc3 41. Kf3 Ke7 42. Be2 g5 43. hxg5 fxg5 44. Re4 Kf6 45. Kf2 Rc2 46. Kf3 d5 47. Rxe6+ Kxe6 48. cxd5+ Kxd5 49. Bd3 Rc3 50. Bg6 Ke5 51. Bf7 c4 52. Bg6 Rc1 53. Ke2 Rc3 54. Kd2 Rb3 55. Be8 Kd5 56. Bf7+ Kc5 57. Be8 Rb2+ 58. Kc3 Re2 0-1


[Site "https://www.chess.com"]

[Event "Titled Tuesday Blitz July 25 Late 2023"]
[White "Cnejev, Vladimir-Alexandru"]
[Black "Lutz, Igor Oscar"]
[WhiteFideId "1260898"]
[BlackFideId "2110806"]
[WhiteElo "2508"]
[BlackElo "1930"]
[Result "1-0"]
[Round "1"]
[TimeControl "180+2"]
[Date "2023.07.25"]
[WhiteClock "0:00:36"]
[BlackClock "0:00:09"]
[Board "202"]

1. Nf3 d5 2. b3 c5 3. Bb2 Nc6 4. e3 Nf6 5. Bb5 Bd7 6. h3 a6 7. Bxc6 Bxc6 8. Ne5 Qc7 9. d4 e6 10. Nd2 Bd6 11. Nxc6 Qxc6 12. dxc5 Bxc5 13. O-O Be7 14. c4 dxc4 15. Nxc4 Rd8 16. Qe2 O-O 17. Rac1 Qe4 18. Ne5 Rc8 19. f3 Qh4 20. Qd3 Rfd8 21. Rxc8 Rxc8 22. f4 Nd5 23. Kh2 Bf6 24. g3 Qh5 25. g4 Qh4 26. Nf3 Nb4 27. Qe4 Rc2+ 28. Qxc2 Nxc2 29. Nxh4 Bxh4 30. Rc1 1-0


[Site "https://www.chess.com"]

[Event "Titled Tuesday Blitz July 25 Late 2023"]
[White "Burke, Paul"]
[Black "only_strong_moves"]
[WhiteFideId "2605767"]
[WhiteElo "1915"]
[BlackElo "2507"]
[Result "0-1"]
[Round "1"]
[TimeControl "180+2"]
[Date "2023.07.25"]
[WhiteClock "0:00:38"]
[BlackClock "0:01:37"]
[Board "203"]

1. e4 e5 2. Nf3 Nc6 3. Bc4 Bc5 4. b4 Bxb4 5. c3 Ba5 6. d4 exd4 7. O-O Nge7 8. Ng5 d5 9. exd5 Ne5 10. Bb3 O-O 11. cxd4 N5g6 12. d6 Qxd6 13. Ba3 Qf6 14. Qh5 h6 15. Bxe7 Nxe7 16. Nxf7 Rxf7 17. Bxf7+ Qxf7 18. Qxf7+ Kxf7 19. Na3 Be6 20. Nc2 Nd5 21. Ne3 Nf4 22. g3 Ne2+ 23. Kg2 Nxd4 24. Rfd1 c5 25. Rab1 b6 26. f4 Re8 27. f5 Bxa2 0-1


[Site "https://www.chess.com"]

[Event "Titled Tuesday Blitz July 25 Late 2023"]
[White "Nakamura, Hikaru"]
[Black "Voege, Tobias"]
[WhiteFideId "2016192"]
[BlackFideId "1270513"]
[WhiteElo "3271"]
[BlackElo "2624"]
[Result "1-0"]
[Round "2"]
[TimeControl "180+2"]
[Date "2023.07.25"]
[WhiteClock "0:00:55"]
[BlackClock "0:00:17"]
[Board "1"]

1. a3 g6 2. e4 Bg7 3. d4 c5 4. dxc5 Nf6 5. Nc3 O-O 6. Be3 Nc6 7. Bc4 b6 8. cxb6 axb6 9. Nge2 Bb7 10. O-O Ng4 11. Bf4 Nge5 12. Ba2 d6 13. h3 Na5 14. Bd5 Bxd5 15. exd5 Nac4 16. b3 Na5 17. Nb5 Qd7 18. a4 Rfc8 19. Ned4 h6 20. Re1 g5 21. Bd2 Ng6 22. Rc1 Nb7 23. Nc6 e6 24. c4 Nc5 25. Be3 exd5 26. cxd5 Ne5 27. Nxe5 dxe5 28. Bxc5 bxc5 29. d6 c4 30. Rxc4 Rxc4 31. bxc4 Qc6 32. Qd5 Qxd5 33. cxd5 Rxa4 34. d7 Bf6 35. Rc1 Ra5 36. Rc8+ Kg7 37. Nd6 Rxd5 38. Ne8+ 1-0


[Site "https://www.chess.com"]

[Event "Titled Tuesday Blitz July 25 Late 2023"]
[White "Omelja, Artem"]
[Black "Carlsen, Magnus"]
[WhiteFideId "14119846"]
[BlackFideId "1503014"]
[WhiteElo "2620"]
[BlackElo "3261"]
[Result "0-1"]
[Round "2"]
[TimeControl "180+2"]
[Date "2023.07.25"]
[WhiteClock "0:00:00"]
[BlackClock "0:01:37"]
[Board "2"]

1. d4 a5 2. c4 g6 3. Nc3 Bg7 4. e4 d6 5. Nge2 e5 6. Be3 Na6 7. f3 f5 8. Qd2 Nf6 9. dxe5 dxe5 10. Qxd8+ Kxd8 11. O-O-O+ Ke8 12. g3 fxe4 13. fxe4 Ng4 14. Bg1 Bh6+ 15. Kb1 Rf8 16. Bh3 Nf2 17. Bxf2 Bxh3 18. Be1 Be3 19. Bd2 Bf2 20. Bh6 Rf7 21. Rd2 c6 22. a3 Nc5 23. b4 axb4 24. axb4 Bg2 25. Rhd1 Nxe4 26. Nxe4 Bxe4+ 27. Kb2 Bf3 28. Rf1 Bxe2 29. Rxe2 Bd4+ 30. Kb3 Rxf1 0-1


[Site "https://www.chess.com"]

[Event "Titled Tuesday Blitz July 25 Late 2023"]
[White "Naroditsky, Daniel"]
[Black "Haydon, David L"]
[WhiteFideId "2026961"]
[BlackFideId "415405"]
[WhiteElo "3150"]
[BlackElo "2619"]
[Result "1/2-1/2"]
[Round "2"]
[TimeControl "180+2"]
[Date "2023.07.25"]
[WhiteClock "0:00:47"]
[BlackClock "0:01:00"]
[Board "3"]

1. e4 d5 2. exd5 Qxd5 3. Nc3 Qd8 4. g3 Nf6 5. Bg2 e6 6. d3 Be7 7. Nge2 O-O 8. O-O c5 9. Be3 Nbd7 10. a4 Rb8 11. a5 b6 12. axb6 axb6 13. Ra7 b5 14. d4 Qb6 15. Qa1 Bb7 16. Bxb7 Rxb7 17. Ra6 Qc7 18. Rd1 b4 19. Na4 Nd5 20. Bd2 c4 21. Nf4 N7f6 22. Re1 Bd6 23. Nxd5 Nxd5 24. c3 Ra7 25. Rxa7 Qxa7 26. Nc5 Bxc5 27. dxc5 Qxc5 28. cxb4 Nxb4 29. Qa3 Nd3 30. Qxc5 Nxc5 31. Bc3 Rb8 32. Ra1 Nd3 33. Ra4 f6 1/2-1/2


[Site "https://www.chess.com"]

[Event "Titled Tuesday Blitz July 25 Late 2023"]
[White "musclemonster12"]
[Black "Vachier-Lagrave, Maxime"]
[BlackFideId "623539"]
[WhiteElo "2617"]
[BlackElo "3150"]
[Result "0-1"]
[Round "2"]
[TimeControl "180+2"]
[Date "2023.07.25"]
[WhiteClock "0:00:06"]
[BlackClock "0:00:25"]
[Board "4"]

1. Nf3 Nf6 2. c4 e6 3. Nc3 d5 4. e3 Be7 5. b3 c5 6. Bb2 O-O 7. cxd5 exd5 8. d4 b6 9. Be2 Be6 10. O-O h6 11. Rc1 Nbd7 12. Qc2 Re8 13. Rfd1 Qb8 14. dxc5 bxc5 15. Bb5 Qb7 16. Bxd7 Nxd7 17. Na4 Rac8 18. Ba3 d4 19. Qe2 Bd5 20. Nd2 Bxg2 21. e4 Bh3 22. Qf3 Be6 23. Nc4 Bxc4 24. bxc4 Bg5 25. Rb1 Qc6 26. Nb2 Rxe4 27. Nd3 Qe6 28. h3 Rh4 29. Kg2 Qxc4 30. Rb7 Rd8 31. Rxd7 Rxd7 32. Ne5 Qd5 33. Nxd7 Qxd7 34. Bxc5 Bf6 35. a3 a6 36. Qg3 Rh5 37. Bb4 Rg5 0-1


[Site "https://www.chess.com"]

[Event "Titled Tuesday Blitz July 25 Late 2023"]
[White "Firouzja, Alireza"]
[Black "Pinero Rodriguez, Carlos Jose"]
[WhiteFideId "12573981"]
[BlackFideId "3901726"]
[WhiteElo "3113"]
[BlackElo "2616"]
[Result "1-0"]
[Round "2"]
[TimeControl "180+2"]
[Date "2023.07.25"]
[WhiteClock "0:00:07"]
[BlackClock "0:00:00"]
[Board "5"]

1. e4 c5 2. Nf3 e6 3. c3 Nf6 4. Bd3 Nc6 5. O-O d5 6. e5 Nd7 7. Re1 Be7 8. Bc2 g5 9. d4 g4 10. Nfd2 h5 11. Nb3 cxd4 12. cxd4 Na5 13. Nc3 Nxb3 14. Bxb3 a6 15. Bf4 Nb6 16. a4 Rb8 17. a5 Na8 18. Ba4+ Bd7 19. Nxd5 Bxa4 20. Qxa4+ Qd7 21. Nf6+ Bxf6 22. exf6 Rd8 23. Qb4 Nc7 24. Bxc7 Qxc7 25. Rac1 Qd7 26. d5 Qd6 27. Qxd6 Rxd6 28. dxe6 fxe6 29. Rc7 O-O 30. Rxb7 Rxf6 31. Rb6 e5 32. Rxd6 Rxd6 33. g3 Rd5 34. b4 Rb5 35. Rc1 Rxb4 36. Rc6 Rb1+ 37. Kg2 Ra1 38. Rxa6 Kg7 39. h3 Ra2 40. hxg4 hxg4 41. Kf1 Ra1+ 42. Ke2 Ra2+ 43. Kf1 Ra1+ 44. Kg2 Ra2 45. Ra8 Ra1 46. a6 Ra2 47. Kf1 Ra1+ 48. Ke2 Ra2+ 49. Ke3 Ra4 50. a7 Kh7 51. Kd3 Kg7 52. Kc3 Kh7 53. Kb3 Ra1 54. Kc4 Kg7 55. Kd5 Ra5+ 56. Ke6 Kh7 57. Kf5 Ra4 58. Kxe5 Kg7 59. Kf5 1-0


[Site "https://www.chess.com"]

[Event "Titled Tuesday Blitz July 25 Late 2023"]
[White "Suvorov, Alexander"]
[Black "Erigaisi Arjun"]
[WhiteFideId "12977063"]
[BlackFideId "35009192"]
[WhiteElo "2610"]
[BlackElo "3087"]
[Result "0-1"]
[Round "2"]
[TimeControl "180+2"]
[Date "2023.07.25"]
[WhiteClock "0:00:50"]
[BlackClock "0:01:33"]
[Board "6"]

1. c4 d6 2. Nc3 g6 3. g3 Bg7 4. Bg2 c5 5. e3 Nc6 6. Nge2 h5 7. h3 Be6 8. b3 Nf6 9. d4 cxd4 10. exd4 d5 11. Nf4 dxc4 12. Nxe6 fxe6 13. Be3 Nd5 14. Nxd5 exd5 15. bxc4 dxc4 16. Qc2 Qa5+ 17. Bd2 Qf5 18. Be4 Nxd4 19. Qa4+ Qd7 20. Bxg6+ Kd8 21. Qxd7+ Kxd7 22. O-O-O Rad8 23. Be3 e5 24. f4 Kc7 25. g4 Ne2+ 26. Kc2 exf4 27. Bf2 Rxd1 28. Rxd1 hxg4 29. hxg4 Rh2 30. Bf5 Nd4+ 0-1


[Site "https://www.chess.com"]

[Event "Titled Tuesday Blitz July 25 Late 2023"]
[White "ArtemDyachuk"]
[Black "Fedoseev, Vladimir"]
[BlackFideId "24130737"]
[WhiteElo "2610"]
[BlackElo "3065"]
[Result "0-1"]
[Round "2"]
[TimeControl "180+2"]
[Date "2023.07.25"]
[WhiteClock "0:00:00"]
[BlackClock "0:00:56"]
[Board "7"]

1. e4 g6 2. d4 Bg7 3. Nc3 d6 4. Be3 a6 5. Qd2 b5 6. a4 b4 7. Na2 a5 8. c3 Nf6 9. f3 bxc3 10. Nxc3 O-O 11. Rd1 Nc6 12. Bh6 e5 13. d5 Nd4 14. Bxg7 Kxg7 15. Nge2 Nb3 16. Qe3 Bd7 17. Kf2 Nc5 18. Ra1 Rb8 19. Ra2 Rb4 20. Nc1 Ncxe4+ 21. Nxe4 Rxe4 22. Qd2 Qa8 23. Bb5 Rd4 24. Qe3 Nxd5 25. Qa3 Bxb5 26. axb5 Nb4 27. Nb3 Rd3 28. Raa1 Qd5 0-1


[Site "https://www.chess.com"]

[Event "Titled Tuesday Blitz July 25 Late 2023"]
[White "Ponizil, Cyril"]
[Black "Bluebaum, Matthias"]
[WhiteFideId "322202"]
[BlackFideId "24651516"]
[WhiteElo "2610"]
[BlackElo "3040"]
[Result "0-1"]
[Round "2"]
[TimeControl "180+2"]
[Date "2023.07.25"]
[WhiteClock "0:00:14"]
[BlackClock "0:00:28"]
[Board "8"]

1. e4 e6 2. d4 d5 3. exd5 exd5 4. Nf3 Nc6 5. c3 Bd6 6. Bd3 Nge7 7. O-O Bg4 8. Nbd2 Qd7 9. Re1 f6 10. Nf1 O-O-O 11. b4 Ng6 12. Ne3 Be6 13. Qc2 Nf4 14. Bf5 Rde8 15. Bd2 g6 16. Bxe6 Rxe6 17. Nf1 Rxe1 18. Rxe1 Re8 19. Bxf4 Bxf4 20. g3 Bd6 21. Rxe8+ Qxe8 22. Ne3 Qe6 23. Kg2 Ne7 24. Qd3 c6 25. h4 h6 26. h5 f5 27. hxg6 f4 28. gxf4 Nxg6 29. Qf5 Nxf4+ 30. Kf1 Qxf5 31. Nxf5 Bf8 32. Ne5 h5 33. f3 Kc7 34. Kf2 Bd6 35. Ke3 Ng2+ 36. Kf2 Nf4 37. Ke3 Ne6 38. f4 b6 39. Kf3 a5 40. a3 a4 41. Ng3 h4 42. Nh5 c5 43. f5 cxd4 44. fxe6 Bxe5 45. cxd4 Bxd4 46. Nf4 Kd6 47. Nxd5 Kxe6 48. Ke4 Bg1 49. b5 h3 50. Nf4+ Kd6 51. Nxh3 Bc5 52. Nf4 Bxa3 53. Ne2 Kc5 54. Nc3 Kb4 55. Na2+ Kxb5 56. Kd3 Bb2 57. Kc2 Be5 58. Nc1 Kc4 59. Kb1 b5 60. Ka2 b4 61. Kb1 b3 62. Ne2 a3 63. Nc1 Bf4 0-1


[Site "https://www.chess.com"]

[Event "Titled Tuesday Blitz July 25 Late 2023"]
[White "Tabatabaei, M. Amin"]
[Black "Lamaze, Simon"]
[WhiteFideId "12521213"]
[BlackFideId "36069264"]
[WhiteElo "3038"]
[BlackElo "2610"]
[Result "1/2-1/2"]
[Round "2"]
[TimeControl "180+2"]
[Date "2023.07.25"]
[WhiteClock "0:00:04"]
[BlackClock "0:00:04"]
[Board "9"]

1. e4 c5 2. Nf3 e6 3. g3 Nc6 4. Bg2 Nf6 5. Qe2 Be7 6. O-O d5 7. d3 O-O 8. e5 Nd7 9. c4 Re8 10. Nc3 Nf8 11. h4 Rb8 12. Rd1 a6 13. d4 cxd4 14. Nxd4 Nxd4 15. Rxd4 Qb6 16. Be3 dxc4 17. Rxc4 Qa5 18. f4 b5 19. Rd4 Bb7 20. h5 h6 21. a3 Bxg2 22. Kxg2 b4 23. Ne4 bxa3 24. bxa3 Rb3 25. Bf2 Reb8 26. a4 Rb2 27. Rd2 Rxd2 28. Qxd2 Qc7 29. Kg1 Qc6 30. Nd6 Rd8 31. Rc1 Qxa4 32. Rc7 Bxd6 33. exd6 Qb5 34. Qd1 Nd7 35. Qc2 Nf6 36. Rc5 Qd7 37. Rc6 Ng4 38. Rxa6 Rc8 39. Qd2 Qb7 40. Rb6 Qf3 41. Rb1 Nxf2 42. Qxf2 Qd3 43. Rf1 Qxd6 44. Qf3 Rd8 45. Rf2 Qe7 46. Kg2 Qf6 47. g4 Rd5 48. Qg3 Qd4 49. Qf3 Rc5 50. Re2 Rc3 51. Qa8+ Kh7 52. Qe4+ Qxe4+ 53. Rxe4 Rc5 54. Kg3 Rd5 55. Re3 Rc5 56. Rb3 Rd5 57. Rb7 Kg8 58. Rb8+ Kh7 59. Rf8 Rd7 60. Kf3 Re7 61. Ke4 f6 62. Ra8 e5 63. f5 Rb7 64. Ra4 Rb3 65. Kd5 Rd3+ 66. Ke6 Rd4 67. Ra1 Rxg4 68. Rh1 e4 69. Rh3 Rg5 70. Rh1 Rg2 71. Rh3 Re2 72. Kd5 e3 73. Ke4 Rf2 74. Rxe3 Rh2 75. Kf4 Rxh5 76. Re8 Rg5 77. Rd8 Rg1 78. Re8 Rg5 79. Rd8 Rh5 80. Kg4 Rh2 81. Kf4 Ra2 82. Kg4 Ra4+ 83. Kg3 Re4 84. Kf3 Rb4 85. Rc8 h5 86. Rc1 Kh6 87. Rg1 Rb5 88. Kf4 Rb4+ 89. Kf3 Ra4 90. Rg6+ Kh7 91. Rg1 Rd4 92. Rh1 h4 93. Rg1 Ra4 94. Rg2 Kg8 95. Rb2 Kh7 96. Rg2 Kh6 97. Rg6+ Kh7 98. Rg2 1/2-1/2


[Site "https://www.chess.com"]

[Event "Titled Tuesday Blitz July 25 Late 2023"]
[White "Zavgorodniy, Sergiy"]
[Black "Grischuk, Alexander"]
[WhiteFideId "14110148"]
[BlackFideId "4126025"]
[WhiteElo "2605"]
[BlackElo "3030"]
[Result "0-1"]
[Round "2"]
[TimeControl "180+2"]
[Date "2023.07.25"]
[WhiteClock "0:00:23"]
[BlackClock "0:00:12"]
[Board "10"]

1. d4 e6 2. c4 b6 3. Nf3 Bb7 4. Nbd2 Nf6 5. g3 c5 6. dxc5 Bxc5 7. Bg2 O-O 8. O-O Na6 9. a3 Be7 10. b4 Nb8 11. Bb2 d6 12. Rc1 Nbd7 13. e3 Qc7 14. Nd4 Bxg2 15. Kxg2 Rac8 16. Qe2 a6 17. Rfd1 Ne5 18. h3 Qb7+ 19. e4 Rc7 20. Kh2 Rfc8 21. f4 Nc6 22. N4f3 a5 23. b5 Nb8 24. Nd4 h6 25. f5 e5 26. Nc2 Nbd7 27. Re1 d5 28. exd5 Nxd5 29. Bxe5 Nxe5 30. Qxe5 Bg5 31. Ne4 Rxc4 32. Re2 Bxc1 33. Nd6 Qa8 34. Nxc8 Rxc8 35. Nd4 Bxa3 36. Nc6 Nf6 37. Ne7+ Bxe7 38. Qxe7 Re8 0-1


[Site "https://www.chess.com"]